 Dungeon Crawl Stone Soup version 0.26-a0-651-gb41185065b (webtiles) character file.

Game seed: 10156757404289456392

81424 kae the Grappler (level 15, -30/144 HPs)
             Began as a Naga Transmuter on Oct 30, 2020.
             Was the Champion of Cheibriados.
             Hit by a large rock thrown by a cyclops (35 damage)
             ... on level 14 of the Dungeon.
             The game lasted 00:25:12 (35685 turns).

kae the Grappler (Naga Transmuter)                 Turns: 35685, Time: 00:25:12

Health: -30/144    AC: 17    Str: 34    XL:     15   Next: 70%
Magic:  22/22      EV: 34    Int: 29    God:    Cheibriados [******]
Gold:   1403       SH:  0    Dex: 26    Spells: 9/22 levels left

rFire    . . .     SeeInvis +     - Unarmed
rCold    . . .     Faith    .   (shield currently unavailable)
rNeg     + . .     Spirit   .   a - +1 robe
rPois    +         Reflect  .   (no helmet)
rElec    .         Harm     .   (no cloak)
rCorr    .         Rampage  .   (gloves currently unavailable)
MR       +....                  M - +5 barding of Immorality {+Blink}
Stlth    ++++......             w - amulet of the acrobat
HPRegen  0.34/turn              p - +4 ring of evasion
MPRegen  0.18/turn              L - ring of positive energy

@: blade hands, acrobat, very slow
A: large, see invisible, deformed body, poison resistance, slowness 2, spit
poison 1, constrict 1, AC +5
a: Spit Poison, End Transformation, Bend Time, Temporal Distortion, Slouch, Step
From Time, Renounce Religion, Evoke Blink


You were on level 14 of the Dungeon.
You worshipped Cheibriados.
Cheibriados was exalted by your worship.
You had blades for hands.
You visited 3 branches of the dungeon, and saw 21 of its levels.
You also visited: Sewer.

You collected 1403 gold pieces.

Inventory:

Hand Weapons
 d - a +2 short sword of draining
 n - a +5 battleaxe of flaming
Armour
 a - a +1 robe (worn)
 y - a +0 cloak
 F - a scarf of harm
 M - the +5 barding of Immorality (worn) {+Blink}
   (You acquired it on level 13 of the Dungeon)

   It lets you blink.
Jewellery
 m - an uncursed amulet of magic regeneration
 p - a +4 ring of evasion (left scythe-like blade)
 w - an amulet of the acrobat (around neck)
 L - a ring of positive energy (right scythe-like blade)
 P - a +4 ring of slaying
Wands
 c - a wand of polymorph (20)
 u - a wand of acid (10)
 x - a wand of paralysis (11)
 C - a wand of enslavement (8)
 E - a wand of flame (26)
 K - a wand of digging (2)
 N - a wand of disintegration (12)
Scrolls
 e - 6 scrolls of amnesia
 f - 3 scrolls of fog
 h - 5 scrolls of enchant armour
 i - 7 scrolls of remove curse
 l - 4 scrolls of enchant weapon
 o - 14 scrolls of identify
 r - 3 scrolls of magic mapping
 G - 2 scrolls of teleportation
 H - 2 scrolls of fear
 I - 2 scrolls of vulnerability
 J - a scroll of summoning
Potions
 b - 3 potions of haste
 g - 2 potions of stabbing
 j - 3 potions of invisibility
 k - 2 potions of brilliance
 q - 4 potions of flight
 s - a potion of magic
 t - 3 potions of might
 v - a potion of degeneration
 z - 4 potions of resistance
 A - a potion of ambrosia
 B - 8 potions of curing
 D - 4 potions of heal wounds
 O - a potion of berserk rage {unknown}
 Q - 2 potions of mutation {unknown}


   Skills:
 + Level 12.1 Fighting
 - Level 5.0 Armour
 - Level 8.0 Dodging
 - Level 8.0 Stealth
 - Level 14.0 Unarmed Combat
 - Level 4.0 Spellcasting
 - Level 13.0 Transmutations
 - Level 3.0 Ice Magic
 - Level 3.0 Poison Magic
 - Level 10.0 Invocations


You had 9 spell levels left.
You knew the following spells:

 Your Spells              Type           Power        Failure   Level
a - Beastly Appendage     Tmut           ######       4%          1
b - Spider Form           Tmut/Pois      ######....   14%         3
c - Blade Hands           Tmut           ######....   14%         5
d - Ice Form              Ice/Tmut       ######..     24%         4

Your spell library contained the following spells:

 Spells                   Type           Power        Failure   Level
 Wereblood                Tmut           ######..     5%          2
 Freeze                   Ice            ###.         21%         1
 Frozen Ramparts          Ice            ###...       36%         3
 Ozocubu's Armour         Ice            ###.....     36%         3
 Animate Skeleton         Necr           #.....       38%         1
 Pain                     Necr           #...         38%         1
 Summon Small Mammal      Summ           #...         38%         1
 Call Imp                 Summ           #.......     47%         2
 Yara's Violent Unravell  Hex/Tmut       #####.....   52%         5
 Call Canine Familiar     Summ           #.......     63%         3
 Summon Guardian Golem    Hex/Summ       #.......     63%         3
 Vampiric Draining        Necr           #.........   63%         3
 Hailstorm                Conj/Ice       ##......     78%         4
 Summon Ice Beast         Ice/Summ       ##......     78%         4
 Animate Dead             Necr           #.........   90%         4
 Cause Fear               Hex            #.........   90%         4
 Summon Lightning Spire   Summ/Air       #.......     90%         4
 Agony                    Necr           #.......     99%         5
 Silence                  Hex/Air        #.........   99%         5
 Discord                  Hex            #.........   100%        8


Dungeon Overview and Level Annotations

Branches:
Dungeon (14/15)            Temple (1/1) D:6            Lair (6/6) D:10
  Swamp (0/4) Lair:3       Spider (0/4) Lair:4        Slime (0/5) Lair:6
    Orc (0/2) D:11         Vaults (0/5) D:13          Sewer (visited)

Altars:
Ashenzari
Cheibriados
Dithmenos
Elyvilon
Fedhas
Gozag
Hepliaklqana
Kikubaaqudgha
Makhleb
Nemelex Xobeh
Okawaru
Qazlal
Ru
Sif Muna
Trog
Uskayaw
Vehumet
Wu Jian
Xom
Yredelemnul
Zin
The Shining One

Shops:
D:6 *   D:9 :   D:13 ?

Annotations:
D:9 4 runed translucent doors, 2 transporters


Innate Abilities, Weirdness & Mutations

You cannot wear boots.
Your serpentine skin is tough. (AC +5)
You have supernaturally acute eyesight. (SInv)
Armour fits poorly on your strangely shaped body.
Your system is resistant to poisons. (rPois)
You cover ground very slowly.
You can spit poison.
You can use your snake-like lower body to constrict enemies.


Message History

The cyclops hits you!!
* * * LOW HITPOINT WARNING * * *
You shred the cyclops!!!
The cyclops is almost dead.
The iguana bites you but does no damage.
You slice the cyclops!!
You kill the cyclops!
Cheibriados appreciates the change of pace.
The iguana completely misses you.
You slice the iguana!!
You kill the iguana!
Cheibriados thoroughly appreciates the change of pace.
You see here an iguana corpse.
A cyclops comes into view.
You see here 2 large rocks.
The cyclops throws a large rock.
The large rock closely misses you.
The cyclops throws a large rock.
The large rock hits you!!
* * * LOW HITPOINT WARNING * * *
The cyclops throws a large rock.
The large rock hits you!!
You die...

#.†#..##########..#..#
#..#..# #..#..#
#..#..# #..#..#
#..#..# #..#..#
#..#..# #.(#..#
#..#..# #..#..# #..#
#..#..# #..# #.(#..#
#..# #@(#..# #..#
''####((#..# #..#
...C..C(†#..# #
........$#..# #
################..# #
........(......)).# #
..................#
##########''##########
≈≈≈≈≈≈≈≈≈≈≈≈≈≈≈≈≈≈


You could see a cyclops.

Vanquished Creatures
  A deep elf annihilator (D:14)
  2 entropy weavers (D:13)
  A dire elephant (Lair:6)
  5 hydras
  A vault guard (D:13)
  3 centaur warriors
  A catoblepas (Lair:6)
  2 two-headed ogres
  4 tengu warriors
  A queen ant (D:13)
  A deep troll shaman (Lair:6)
  5 death yaks (Lair:6)
  Sonja (D:11)
  An unseen horror (D:11)
  8 skeletal warriors
  A flayed ghost (D:14)
  Pikel (D:6)
  5 ugly things
  A deep elf mage (D:14)
  4 cyclopes
  3 manticores
  4 black mambas
  14 cane toads
  2 gargoyles
  7 elephants (Lair:6)
  Maggie (D:6)
  8 komodo dragons
  2 hellwings (D:7)
  4 trolls
  3 jumping spiders (Lair:4)
  4 polar bears
  A hornet (D:12)
  4 slime creatures
  12 blink frogs
  3 hippogriffs
  A wyvern (Lair:5)
  Eustachio (D:6)
  A vampire (D:9)
  5 redbacks (Lair:4)
  A shadow (D:12)
  82 yaks
  3 basilisks
  3 wargs (D:11)
  2 insubstantial wisps (Lair:3)
  An acid dragon (D:7)
  24 soldier ants (D:13)
  15 water moccasins
  4 ice beasts
  20 porcupines
  10 orc warriors
  2 black bears
  3 phantoms
  4 sky beasts
  A necrophage (D:8)
  8 wolves
  6 centaurs
  8 ogres
  15 crocodiles
  3 big kobolds
  21 bullfrogs
  2 wyvern zombies
  A water moccasin zombie (D:4)
  A water moccasin skeleton (D:6)
  2 scorpions
  9 killer bees
  27 wights
  10 howler monkeys
  6 electric eels
  A lava snake (Lair:6)
  8 centaur zombies
  2 bullfrog zombies (D:9)
  12 hounds
  16 jellies
  4 bullfrog skeletons
  4 centaur skeletons
  15 orc priests
  21 orc wizards
  6 iguanas
  Ijyb (D:3)
  26 worker ants
  A hound skeleton (D:8)
  2 worker ant zombies
  Robin (D:4)
  11 gnolls
  16 adders
  5 shadow imps
  2 white imps (D:6)
  3 ufetubi
  An adder zombie (D:5)
  An ooze (Lair:6)
  3 worms
  4 dart slugs
  7 leopard geckos
  77 orcs
  3 ball pythons
  6 bats
  7 giant cockroaches
  15 goblins
  9 hobgoblins
  13 jackals
  18 kobolds
  3 quokkas
  A ball python skeleton (D:5)
  15 frilled lizards
  A quokka zombie (D:7)
  20 rats
784 creatures vanquished.

Vanquished Creatures (others)
  A shadow (D:14)
  An orc wizard (D:7)
  An orc (D:7)
  A kobold (D:7)
  30 fungi
  141 plants
  4 withered plants (D:8)
179 creatures vanquished.

Grand Total: 963 creatures vanquished

Notes
Turn   | Place    | Note
-------+----------+-------------------------------------------
     0 | D:1      | kae the Naga Transmuter began the quest for the Orb.
     0 | D:1      | Reached XP level 1. HP: 18/18 MP: 3/3
   337 | D:1      | Reached XP level 2. HP: 17/25 MP: 3/5
  1090 | D:1      | Reached XP level 3. HP: 11/31 MP: 4/6
  2444 | D:2      | Reached XP level 4. HP: 24/38 MP: 5/7
  3030 | D:2      | Learned a level 3 spell: Spider Form
  3283 | D:3      | Noticed Ijyb
  3285 | D:3      | Reached skill level 1 in Poison Magic
  3285 | D:3      | Reached XP level 5. HP: 36/44 MP: 4/8
  3356 | D:3      | Killed Ijyb
  3356 | D:3      | Reached skill level 4 in Unarmed Combat
  3429 | D:2      | Reached XP level 6. HP: 32/51 MP: 7/9
  3926 | D:3      | Reached skill level 5 in Transmutations
  5039 | D:4      | Reached XP level 7. HP: 49/57 MP: 5/10
  5130 | D:4      | Found a hide-covered altar of Uskayaw.
  5149 | D:4      | Reached skill level 5 in Unarmed Combat
  5415 | D:4      | Noticed Robin
  5440 | D:4      | Killed Robin
  5764 | D:4      | Found a sparkling altar of Nemelex Xobeh.
  5955 | D:4      | Noticed a +0 dagger
  5955 | D:4      | Noticed a +0 hand axe
  6271 | D:4      | Noticed a moth of wrath
  6273 | D:4      | Found a bloodstained altar of Trog.
  7113 | D:3      | Found an ancient bone altar of Kikubaaqudgha.
  7129 | D:5      | Entered Level 5 of the Dungeon
  7305 | D:5      | Reached XP level 8. HP: 43/64 MP: 8/11
  7648 | D:5      | Reached skill level 6 in Unarmed Combat
  8741 | D:6      | Found Isyomegh's General Store.
  8765 | D:6      | Found a broken altar of Ashenzari.
  8826 | D:6      | Found a staircase to the Ecumenical Temple.
  8863 | D:6      | Found a glowing drain.
  8876 | Sewer    | Entered a sewer
  9858 | D:6      | Noticed Eustachio
  9872 | D:6      | Killed Eustachio
  9889 | Temple   | Entered the Ecumenical Temple
 10111 | Temple   | Became a worshipper of Cheibriados the Contemplative
 10283 | D:6      | Reached XP level 9. HP: 64/70 MP: 8/12
 10366 | D:6      | Reached skill level 7 in Unarmed Combat
 10483 | D:6      | Noticed Maggie
 10727 | D:5      | Learned a level 5 spell: Blade Hands
 10737 | D:6      | Killed Maggie
 11015 | D:6      | Reached skill level 10 in Transmutations
 11121 | D:6      | Noticed Pikel
 11129 | D:6      | Killed Pikel
 11440 | D:6      | Found a glowing golden altar of the Shining One.
 11710 | D:7      | Reached skill level 8 in Unarmed Combat
 11811 | D:7      | Reached * piety under Cheibriados
 12450 | D:7      | Reached XP level 10. HP: 78/78 MP: 7/13
 12485 | D:7      | Found a hazy altar of Hepliaklqana.
 12654 | D:7      | Reached ** piety under Cheibriados
 12659 | D:7      | Reached skill level 9 in Unarmed Combat
 14832 | D:7      | Reached skill level 5 in Fighting
 15068 | D:8      | Reached *** piety under Cheibriados
 15704 | D:8      | Reached XP level 11. HP: 101/103 MP: 8/14
 15853 | D:8      | Reached **** piety under Cheibriados
 16924 | D:9      | Found a huge runed translucent gate.
 16924 | D:9      | Found a huge runed translucent gate.
 16924 | D:9      | Found a huge runed translucent gate.
 16924 | D:9      | Noticed a manticore
 16925 | D:9      | Noticed a manticore
 16926 | D:9      | Reached ***** piety under Cheibriados
 16961 | D:9      | Found a transporter.
 17019 | D:9      | Found Archigry's Book Boutique.
 17083 | D:9      | Found a huge runed translucent gate.
 17225 | D:9      | Noticed a two-headed ogre
 17233 | D:9      | Killed a two-headed ogre
 17233 | D:9      | Reached skill level 10 in Fighting
 17602 | D:9      | Reached skill level 1 in Armour
 17714 | D:9      | Found a transporter.
 17753 | D:9      | Found a burning altar of Makhleb.
 17753 | D:9      | Noticed a fire dragon
 17856 | D:9      | Found a stormy altar of Qazlal.
 17922 | D:10     | Entered Level 10 of the Dungeon
 17949 | D:10     | Found a staircase to the Lair.
 18422 | D:10     | Found a glowing silver altar of Zin.
 19278 | D:11     | Noticed a two-headed ogre
 19284 | D:11     | Killed a two-headed ogre
 19284 | D:11     | Reached skill level 5 in Dodging
 19284 | D:11     | Reached skill level 1 in Invocations
 19394 | D:11     | Reached XP level 12. HP: 91/116 MP: 9/15
 19405 | D:11     | Reached ****** piety under Cheibriados
 19540 | D:11     | Reached skill level 5 in Invocations
 20049 | D:11     | Noticed a five-headed hydra
 20054 | D:11     | Noticed Sonja
 20067 | D:11     | Killed Sonja
 20857 | D:11     | Killed a five-headed hydra
 21137 | D:11     | Noticed a centaur warrior
 21146 | D:11     | Killed a centaur warrior
 21614 | D:11     | Found a staircase to the Orcish Mines.
 21724 | D:11     | Learned a level 4 spell: Ice Form
 21793 | D:12     | Reached skill level 1 in Ice Magic
 21936 | D:12     | Found a gate leading to a gauntlet.
 22101 | D:12     | Gained mutation: You can use your snake-like lower body to
                  | constrict enemies. [Naga growth]
 22101 | D:12     | Reached XP level 13. HP: 94/123 MP: 15/19
 23059 | Lair:1   | Entered Level 1 of the Lair of Beasts
 25204 | Lair:2   | Reached skill level 10 in Unarmed Combat
 26393 | Lair:3   | Found a staircase to the Swamp.
 27118 | Lair:3   | Reached XP level 14. HP: 136/136 MP: 14/20
 27221 | Lair:3   | Reached skill level 11 in Unarmed Combat
 28115 | Lair:4   | Found a hole to the Spider Nest.
 28302 | Lair:4   | Reached skill level 12 in Unarmed Combat
 28489 | Lair:4   | Reached skill level 1 in Stealth
 29843 | Lair:6   | Entered Level 6 of the Lair of Beasts
 29862 | Lair:6   | Reached skill level 5 in Stealth
 30844 | Lair:6   | Found a staircase to the Slime Pits.
 31776 | Lair:6   | Noticed a dire elephant
 31969 | Lair:6   | Reached skill level 10 in Invocations
 31979 | Lair:6   | Killed a dire elephant
 32781 | D:13     | Reached XP level 15. HP: 140/144 MP: 17/22
 33173 | D:13     | Identified a scroll of acquirement
 33254 | D:13     | Found Tucruk's Magic Scroll Boutique.
 34659 | D:13     | Found a gate to the Vaults.
 34749 | D:13     | Acquired the +5 barding of Immorality {+Blink}
 34777 | D:13     | Reached skill level 5 in Armour
 34777 | D:13     | Reached skill level 13 in Unarmed Combat
 34847 | D:14     | Found a white marble altar of Elyvilon.
 35671 | D:14     | Reached skill level 14 in Unarmed Combat
 35685 | D:14     | HP: 5/144 [cyclops/large rock (26)]
 35685 | D:14     | Hit by a large rock thrown by a cyclops

Illustrated notes

Levels and vault maps discovered:
D:1:      roderic_crop_circles_arrival_small, layout_basic
D:2:      layout_rooms
D:3:      layout_loops_ring, nicolae_overflow_hidden_temple, uniq_ijyb
D:4:      layout_layer_cave, dancing_weapons_uskayaw,
          nemelex_xobeh_ov_fountains_minmay, tgw_trog, uniq_robin
D:5:      layout_basic, minmay_pentangle
D:6:      layout_loops_corners, nicolae_tso_carved_into_rock,
          minmay_temple_entry_tees, serial_shops, kennysheep_mini_moat,
          portal_sewer_entry_a, evilmike_ruin_ashenzari, uniq_eustachio,
          uniq_maggie, uniq_pikel
D:7:      layout_basic, overflow_temple_1_default, serial_bayou,
          serial_bayou_pond_a, serial_bayou_pond_e, serial_bayou_lagoon_a,
          serial_bayou_lagoon_b, serial_bayou_pond_e, serial_bayou_lake_a
D:8:      cheibrodos_grave_circle, layout_rooms, minmay_misc_feat_rows,
          minmay_fractal_squares_diagonal_5
D:9:      lemuel_bear_cage, layout_loops_cross, gammafunk_temple_overflow_arena,
          serial_shops, shop, columned_hall_lemuel
D:10:     layout_stronghold, lair_entry_dummy, basic_altar, hex_medium
D:11:     layout_roguey, minmay_orc_entry_guard_dogs, uniq_sonja
D:12:     layout_loops_ring, gauntlet_entry_generic
D:13:     layout_loops_ring, david_vaults_5, serial_shops, shop_fountains,
          minmay_misc_feat_x, minivault_29
D:14:     lemuel_traditional_vault, layout_basic, elyvilon_altar_4,
          eino_small_chamber_without_monster, minmay_more_statues, uniq_azrael
Temple:   regret_index_temple_generic_petals
Lair:1:   layout_hall_layers, beast_lair_carwin_8, lemuel_fruit_tree,
          grunt_megastairs_1
Lair:2:   layout_concentric_octagons
Lair:3:   layout_long_grid, minmay_swamp_entry_wisps, serial_bayou_pond_a,
          beast_lair_carwin_6, lemuel_fruit_fields, grunt_megastairs_2,
          serial_bayou_shore_a, lemuel_fruit_fields
Lair:4:   layout_cave_shapes, nicolae_spider_entry_tight_spaces
Lair:5:   layout_regular_city
Lair:6:   grunt_lair_end_beastmaster, layout_gridlike,
          minmay_slime_entry_jelly_boxes, infiniplex_staircase_pool_2

Skill      XL: |  1  2  3  4  5  6  7  8  9 10 11 12 13 14 15 |
---------------+----------------------------------------------+-----
Transmutations | 3 4 5 7 9 11 13 | 13.0
Poison Magic   | 1 3 |  3.0
Unarmed Combat | 4 5 6 8 9 10 12 14 | 14.0
Fighting       | 8 10 11 12 | 12.1
Armour         | 2 5 |  5.0
Dodging        | 5 6 8 |  8.0
Invocations    | 4 6 10 | 10.0
Spellcasting   | 4 |  4.0
Ice Magic      | 2 3 |  3.0
Stealth        | 8 |  8.0

Action                   |  1- 3 |  4- 6 |  7- 9 | 10-12 | 13-15 || total
-------------------------+-------+-------+-------+-------+-------++-------
Melee: Unarmed           |    54 |    96 |   360 |   549 |   678 ||  1737
       Headbutt          |     4 |     2 |       |     5 |       ||    11
       Short sword       |    53 |    15 |       |       |       ||    68
       Battleaxe         |       |    12 |    51 |    16 |       ||    79
       Punch             |       |       |       |    22 |    64 ||    86
       Constrict         |       |       |       |       |   147 ||   147
 Cast: Beastly Appendage |    14 |     6 |       |     3 |       ||    23
       Spider Form       |       |    17 |    47 |     7 |       ||    71
       Blade Hands       |       |       |     3 |    74 |   123 ||   200
       Ice Form          |       |       |       |       |     6 ||     6
Invok: Slouch            |       |       |       |     1 |       ||     1
 Abil: Spit Poison       |    16 |     4 |     1 |     7 |     1 ||    29
Evoke: Wand              |       |     1 |       |    10 |       ||    11
  Use: Scroll            |       |     2 |    20 |     6 |     8 ||    36
       Potion            |       |       |     7 |     4 |     1 ||    12
 Stab: Sleeping          |       |       |       |       |    15 ||    15
       Distracted        |       |       |       |       |     2 ||     2
Armor: Robe              |    20 |    10 |    20 |    85 |    76 ||   211
       Skin              |       |     7 |    19 |    43 |     8 ||    77
Dodge: Dodged            |    46 |    98 |   367 |   643 |   803 ||  1957

Table legend: (Time is in decaauts)
 A = Elapsed time spent in this place.
 B = Non-inter-level travel time spent in this place.
 C = Inter-level travel time spent in this place.
 D = Time resting spent in this place.
 E = Time spent auto-exploring this place.
 F = Levels seen in this place.
 G = Mean time per level.
                   A        B        C        D        E       F      G
               +--------+--------+--------+--------+--------+-----+--------+
         Total |  52008 |  49627 |   2381 |   5068 |  38474 |  22 | 2364.0 |
       Dungeon |  33875 |  32603 |   1272 |   4139 |  24312 |  14 | 2419.6 |
        Temple |    345 |    298 |     47 |      0 |    290 |   1 |  345.0 |
          Lair |  16642 |  15581 |   1061 |    710 |  13137 |   6 | 2773.7 |
         Sewer |   1145 |   1145 |      0 |    219 |    734 |   1 | 1145.0 |
               +--------+--------+--------+--------+--------+-----+--------+

Top non-repeatable levels by time:
  Lair:6: 4256 daAuts
     D:7: 4160 daAuts
    D:11: 3493 daAuts
  Lair:2: 3298 daAuts
    D:13: 3163 daAuts
  Lair:3: 2961 daAuts
    D:10: 2615 daAuts
     D:4: 2560 daAuts
     D:6: 2391 daAuts
     D:8: 2312 daAuts
    D:12: 2295 daAuts
     D:1: 2264 daAuts
     D:9: 2177 daAuts
  Lair:5: 2102 daAuts
  Lair:4: 2065 daAuts
